 Dungeon Crawl Stone Soup version 0.15.2 (webtiles) character file.

14 magipi the Chopper (level 2, -7/30 HPs)
             Began as a Halfling Berserker on Sept 20, 2015.
             Was a Follower of Trog.
             Mangled by Sigmund
             ... wielding a cursed -2 scythe
              (10 damage)
             ... on Level 2 of the Dungeon.
             The game lasted 00:01:52 (213 turns).

magipi the Chopper (Halfling Berserker)              Turns: 213, Time: 00:01:52

HP  -7/30        AC  2     Str 22      XL: 2   Next: 55%
MP   2/2         EV 14     Int  6      God: Trog [*.....]
Gold 22          SH  0     Dex 13      Spells:  0 memorised,  1 level left

rFire  . . .     SeeInvis .     a - +0 hand axe
rCold  . . .     Clarity  .     b - +0 animal skin
rNeg   . . .     rCorr    .     (no shield)
rPois  .         rRot     .     (no helmet)
rElec  .         Spirit   .     (no cloak)
SustAb .         Warding  .     (no gloves)
rMut   .         Stasis   .     (no boots)
Gourm  .                        (no amulet)
MR     .....                    (no ring)
                                (no ring)

@: berserking, very quick, not resistant to hostile enchantments, extremely
unstealthy
A: mutation resistance 1
a: Burn Spellbooks, Berserk, Renounce Religion


You were on level 2 of the Dungeon.
You worshipped Trog.
Trog was aware of your devotion.
You were not hungry.

You visited 1 branch of the dungeon, and saw 2 of its levels.

You collected 22 gold pieces.

Inventory:

Hand weapons
 a - a +0 hand axe (weapon)
Armour
 b - a +0 animal skin (worn)
Comestibles
 c - a bread ration
Scrolls
 e - a scroll of random uselessness {unknown}
 f - a scroll of magic mapping {unknown}
 g - a scroll of fog {unknown}
Potions
 d - a potion of resistance {unknown}


   Skills:
 - Level 2.6 Fighting
 + Level 3.3 Axes
 - Level 2.1 Armour
 - Level 2.1 Dodging


You had one spell level left.
You didn't know any spells.

Dungeon Overview and Level Annotations

Branches:
Dungeon (2/15)

Altars:

Annotations:
D:2 Sigmund


Innate Abilities, Weirdness & Mutations

You are small and have problems with some larger weapons.
You are somewhat resistant to further mutation.

Vault maps used:
D:1:      dpeg_arrival_line_fractal
D:2:      first_bread, bh_walls_and_bars, uniq_sigmund


Message History

Your Axes skill increases to level 3!
You have reached level 2!
You slice the rat!!
You kill the rat!
Trog accepts your kill.
You see here a rat corpse.
You offer a prayer to Trog.
The rat corpse is slowly consumed by flames.
Trog is aware of your devotion.
You feel a strong urge to attack something.
You are no longer berserk.
You are exhausted.
You feel yourself slow down.
You see here a stone.
e - a scroll labeled NEWUMO NIEMMA
f - a scroll labeled ATIOSK RASOMA
g - a scroll labeled STROVU NUIRY You feel yourself speed up.
You feel less exhausted.
Found a stone staircase leading down.
A giant newt comes into view.
Found 16 gold pieces.
Found a robe.
You closely miss the giant newt.
The giant newt bites you but does no damage.
The giant newt barely misses you.
You hit the giant newt.
You kill the giant newt!
Trog accepts your kill.
You now have 16 gold pieces.
You see here a robe.
There is a stone staircase leading down here.
You climb downwards.
There is a stone staircase leading up here.
A bat and a hobgoblin come into view.
The hobgoblin shouts!
You completely miss the hobgoblin. The hobgoblin hits you with a club.
You hit the hobgoblin but do no damage. The hobgoblin misses you.
You hit the hobgoblin.
The hobgoblin is moderately wounded.
The hobgoblin misses you.
You hit the hobgoblin but do no damage.
The hobgoblin is moderately wounded.
The hobgoblin closely misses you.
You barely miss the hobgoblin.
The hobgoblin is moderately wounded.
The hobgoblin closely misses you.
You barely miss the hobgoblin.
The hobgoblin is moderately wounded.
The hobgoblin closely misses you.
You hit the hobgoblin.
You kill the hobgoblin!
Trog accepts your kill. The bat hits you but does no damage.
The bat closely misses you.
You closely miss the bat. The bat hits you but does no damage.
The bat barely misses you.
You hit the bat.
The bat is moderately wounded.
The bat hits you but does no damage. The bat barely misses you.
You slash the bat!
You kill the bat!
Trog accepts your kill.
Things that are here:
a club; a bat corpse; a hobgoblin corpse You offer a prayer to Trog.
The bat corpse is slowly consumed by flames.
The hobgoblin corpse is slowly consumed by flames.
Trog is aware of your devotion.
Found a whip.
Found 6 gold pieces.
You now have 22 gold pieces (gained 6).
Sigmund the Dreaded comes into view.
He is wielding a runed scythe.
Sigmund gestures at you while chanting.
You are confused.
Unknown command.
Ouch! Sigmund moves out of view.
Unknown command.
Ouch! Ouch! Ouch! Ouch! Sigmund casts a spell.
Sigmund flickers and vanishes!
Deactivating autopickup; reactivate with Ctrl-A.
Ouch! Ouch! You feel less confused. Something hits you!
Ouch! That really hurt!
* * * LOW HITPOINT WARNING * * *
Use which ability? (? or * to list)
A red film seems to cover your vision as you go berserk!
You feel yourself moving faster!
You feel mighty!
You feel somewhat more hungry.
You feel a strong urge to attack something.
You hear some strange, mumbled words.
The puff of flame hits you!
* * * LOW HITPOINT WARNING * * *
You closely miss something. Something hits you!
You die...

# . ..#
.....######## #.#
#........# #.#
########.# ##.###
#@# #.... ###.#
#..#
######.).#####..#
................#
.#####...######.#
##.## #.# #. #)#
#. #.# #. #<#


There were no monsters in sight!

Table legend:
 A = Kills in this place as a percentage of kills in entire the game.
 B = Kills by you in this place as a percentage of kills by you in the entire game.
 C = Kills by friends in this place as a percentage of kills by friends in the entire game.
 D = Other kills in this place as a percentage of other kills in the entire game.
 E = Experience gained in this place as a percentage of experience gained in the entire game.
 F = Experience gained in this place divided by the number of levels of this place that you have seen.
                   A       B       C       D       E      F
               +-------+-------+-------+-------+-------+----------------------
         Total | 100.0 | 100.0 |  -nan |  -nan | 100.0 |  10.0
       Dungeon | 100.0 | 100.0 |  -nan |  -nan | 100.0 |  10.0
               +-------+-------+-------+-------+-------+----------------------

Vanquished Creatures
  A giant mite (D:1)
  A hobgoblin (D:2)
  A kobold (D:1)
  3 bats
  A giant newt (D:1)
  A rat (D:1)
8 creatures vanquished.

Notes
Turn   | Place    | Note
--------------------------------------------------------------
     0 | D:1      | magipi, the Halfling Berserker, began the quest for the Orb.
     0 | D:1      | Reached XP level 1. HP: 15/15 MP: 1/1
    72 | D:1      | Reached skill level 3 in Axes
    72 | D:1      | Reached XP level 2. HP: 20/20 MP: 2/2
   198 | D:2      | Noticed Sigmund
   213 | D:2      | Mangled by Sigmund

Action                   || total
-------------------------++-------
Melee: Hand axe          ||    22
Invok: Berserk           ||     2

Action                   || total
-------------------------++-------
Melee: Hand axe          ||    22
Invok: Berserk           ||     2

Action                   || total
-------------------------++-------
Melee: Hand axe          ||    22
Invok: Berserk           ||     2
